[Event "20th Prague Open 2022"]
[Site "Prague"]
[Date "2022.01.07"]
[Round "1.3"]
[White "Mirzoev, Azer"]
[Black "Cap, Piotr"]
[Result "1-0"]
[ECO "B07"]
[WhiteElo "2420"]
[BlackElo "2014"]
[Annotator "NA"]
[PlyCount "97"]
[EventDate "2022.01.07"]
[EventType "swiss"]
[EventCountry "CZE"]
[SourceTitle "playchess.com"]
[Source "ChessBase"]
[SourceQuality "1"]
[TimeControl "40/5400+30:1800+30"]

1. d4 d6 2. e4 Nf6 3. Nc3 g6 4. Be3 Bg7 5. Qd2 a6 6. Bh6 Bxh6 7. Qxh6 b5 8. f3 e5 9. Nge2 Qe7 10. dxe5 (10. a3 $14) 10... dxe5 11. O-O-O Bb7 12. h4 Nbd7 13. g4 Qf8 14. Qd2 Nb6 15. Ng3 h5 16. g5 Nfd7 17. Bh3 Qe7 (17... O-O-O $1 $11) 18. Nd5 Bxd5 19. exd5 Nc4 20. Qc3 Ndb6 21. b3 Qa3+ 22. Kb1 $16 Na4 23. Qa1 Rb8 24. Ne4 O-O 25. Rhe1 Nab2 26. Rc1 Rfd8 27. Bf1 Rxd5 28. Bxc4 Nxc4 29. Qc3 Nd2+ 30. Nxd2 b4 31. Qa1 Rxd2 32. Qxe5 Rb5 33. Qf6 Rb8 34. Re7 Rf8 35. Rxc7 Qa5 36. Qf4 Rd5 37. Rc4 Rb5 38. Re1 Qb6 39. Kb2 a5 40. Re5 Rxe5 41. Qxe5 a4 42. bxa4 Qb7 43. Qe4 Qd7 44. Rxb4 Re8 45. Qd3 Qe7 46. a3 Qe5+ 47. Qd4 Qg3 48. Qf4 Qe1 49. Rb8 1-0

[Event "20th Prague Open 2022"]
[Site "Prague"]
[Date "2022.01.07"]
[Round "1.4"]
[White "Lhotska, Anna"]
[Black "Neuman, Petr"]
[Result "0-1"]
[ECO "B57"]
[WhiteElo "2014"]
[BlackElo "2402"]
[Annotator "ChessBase"]
[PlyCount "62"]
[EventDate "2022.01.07"]
[EventType "swiss"]
[EventCountry "CZE"]
[SourceTitle "playchess.com"]
[Source "ChessBase"]
[SourceQuality "1"]
[TimeControl "40/5400+30:1800+30"]

1. e4 c5 2. Nf3 d6 3. d4 cxd4 4. Nxd4 Nf6 5. Nc3 Nc6 6. Bc4 Qb6 7. Nb3 e6 8. O-O a6 9. Be3 Qc7 10. a4 b6 11. f4 Be7 12. Qe1 O-O 13. Qg3 Rb8 14. Rae1 g6 15. Bd3 Na5 16. Nd4 Nc4 17. Bc1 Qc5 18. Nce2 Bb7 19. b3 Na5 20. Be3 Qc7 21. f5 Nh5 22. Qg4 Nf6 23. Qh3 gxf5 24. Nxf5 exf5 25. Qxf5 Nc6 26. Bg5 Bc8 27. Qf2 Ng4 28. Qf4 Nce5 29. h3 Ng6 30. Qd2 Qc5+ 31. Kh1 Bxg5 0-1

[Event "20th Prague Open 2022"]
[Site "Prague"]
[Date "2022.01.07"]
[Round "1.5"]
[White "Haring, Filip"]
[Black "Kobl, Rudolf"]
[Result "1-0"]
[ECO "B48"]
[WhiteElo "2398"]
[BlackElo "2009"]
[Annotator "ChessBase"]
[PlyCount "91"]
[EventDate "2022.01.07"]
[EventType "swiss"]
[EventCountry "CZE"]
[SourceTitle "playchess.com"]
[Source "ChessBase"]
[SourceQuality "1"]
[TimeControl "40/5400+30:1800+30"]

1. e4 c5 2. Nf3 e6 3. Nc3 Nc6 4. d4 cxd4 5. Nxd4 Qc7 6. Be3 a6 7. Qf3 Bd6 8. O-O-O Be5 9. g3 Nge7 10. Qe2 b5 11. f4 Nxd4 12. Bxd4 Bxd4 13. Rxd4 Rb8 14. Bg2 Bb7 15. Rhd1 Bc6 16. Nd5 Nxd5 17. exd5 Ba8 18. f5 O-O 19. f6 gxf6 20. Kb1 Rbc8 21. Rh4 Qe5 22. Re4 Qc7 23. c3 Kh8 24. Qh5 Rg8 25. Qxf7 Rcf8 26. Qh5 f5 27. Re2 Qd6 28. Rf2 Qc5 29. Qe2 Rg6 30. Rf4 a5 31. a3 Kg8 32. Rh4 Rb8 33. dxe6 Bxg2 34. exd7 Bd5 35. Qe8+ Rxe8 36. dxe8=Q+ Kg7 37. Rxd5 Qxd5 38. Qe7+ Kg8 39. Qxh7+ Kf8 40. Qxg6 Qd1+ 41. Ka2 Qd5+ 42. c4 bxc4 43. Rh8+ Ke7 44. Rh7+ Kd8 45. Qf6+ Kc8 46. Qf8+ 1-0

[Event "20th Prague Open 2022"]
[Site "Prague"]
[Date "2022.01.07"]
[Round "1.7"]
[White "Czerw, Dawid"]
[Black "Ricken, Katharina"]
[Result "1/2-1/2"]
[ECO "E00"]
[WhiteElo "2396"]
[BlackElo "2004"]
[Annotator "ChessBase"]
[PlyCount "77"]
[EventDate "2022.01.07"]
[EventType "swiss"]
[EventCountry "CZE"]
[SourceTitle "playchess.com"]
[Source "ChessBase"]
[SourceQuality "1"]
[TimeControl "40/5400+30:1800+30"]

1. d4 e6 2. c4 Bb4+ 3. Bd2 Qe7 4. e4 Nc6 5. Nf3 Nf6 6. Bd3 Bxd2+ 7. Nbxd2 e5 8. d5 Nb4 9. Bb1 a5 10. O-O O-O 11. a3 Na6 12. Bc2 d6 13. b4 Bg4 14. Rb1 c6 15. Qe2 axb4 16. axb4 c5 17. bxc5 Nxc5 18. Rb2 Ra3 19. Rfb1 Rfa8 20. h3 Bxf3 21. Nxf3 Ra2 22. Nd2 Nfd7 23. Nf1 Qd8 24. Ne3 g6 25. g3 h5 26. Kg2 Qg5 27. h4 Qd8 28. Nd1 Rxb2 29. Rxb2 Ra3 30. Qd2 Kg7 31. Rb5 Qa8 32. Ne3 Qd8 33. Qc1 Ra5 34. Rb2 Qa8 35. g4 Ra1 36. Rb1 Rxb1 37. Bxb1 Qd8 38. gxh5 Qxh4 39. hxg6 1/2-1/2

[Event "20th Prague Open 2022"]
[Site "Prague"]
[Date "2022.01.07"]
[Round "1.8"]
[White "Prazak, Daniel"]
[Black "Blahynka, Martin"]
[Result "0-1"]
[ECO "B51"]
[WhiteElo "1993"]
[BlackElo "2399"]
[Annotator "ChessBase"]
[PlyCount "72"]
[EventDate "2022.01.07"]
[EventType "swiss"]
[EventCountry "CZE"]
[SourceTitle "playchess.com"]
[Source "ChessBase"]
[SourceQuality "1"]
[TimeControl "40/5400+30:1800+30"]

1. e4 c5 2. Nf3 d6 3. Bb5+ Nd7 4. d4 cxd4 5. Qxd4 a6 6. Bxd7+ Bxd7 7. Nc3 Rc8 8. O-O e5 9. Qd3 Qc7 10. Rd1 h6 11. Nd2 Nf6 12. Nf1 Qc4 13. Qxc4 Rxc4 14. Ne3 Rd4 15. f3 Rxd1+ 16. Nexd1 Be7 17. Ne3 h5 18. b3 Be6 19. Ba3 Kd7 20. Rd1 Rc8 21. Rd3 Ne8 22. Ncd5 Bxd5 23. Rxd5 g6 24. Kf2 Ke6 25. c4 f5 26. Rd1 fxe4 27. fxe4 Nf6 28. Nd5 Nxe4+ 29. Ke3 Nc5 30. Rf1 Bg5+ 31. Ke2 b5 32. g3 Ne4 33. Kd3 Nd2 34. Rc1 bxc4+ 35. bxc4 e4+ 36. Ke2 Nxc4 0-1

[Event "20th Prague Open 2022"]
[Site "Prague"]
[Date "2022.01.07"]
[Round "1.9"]
[White "Fus, Jakub"]
[Black "Poessel, Christian"]
[Result "1-0"]
[ECO "B43"]
[WhiteElo "2384"]
[BlackElo "2003"]
[Annotator "ChessBase"]
[PlyCount "49"]
[EventDate "2022.01.07"]
[EventType "swiss"]
[EventCountry "CZE"]
[SourceTitle "playchess.com"]
[Source "ChessBase"]
[SourceQuality "1"]
[TimeControl "40/5400+30:1800+30"]

1. e4 c5 2. Nc3 e6 3. Nf3 a6 4. d4 cxd4 5. Nxd4 d6 6. g3 Nf6 7. Bg2 Be7 8. O-O O-O 9. b3 Qc7 10. Bb2 Bd7 11. Nce2 Nc6 12. c4 Rac8 13. Rc1 Qb8 14. Re1 b5 15. Nxc6 Bxc6 16. cxb5 axb5 17. Rxc6 Rxc6 18. e5 Nd5 19. Bxd5 exd5 20. Nd4 Qc8 21. exd6 Bxd6 22. Nxc6 Qxc6 23. Qg4 f6 24. Qe6+ Kh8 25. Ba3 1-0

[Event "20th Prague Open 2022"]
[Site "Prague"]
[Date "2022.01.07"]
[Round "1.10"]
[White "Walter, Ema"]
[Black "Kozak, Antoni"]
[Result "0-1"]
[ECO "B12"]
[WhiteElo "2000"]
[BlackElo "2356"]
[Annotator "ChessBase"]
[PlyCount "92"]
[EventDate "2022.01.07"]
[EventType "swiss"]
[EventCountry "CZE"]
[SourceTitle "playchess.com"]
[Source "ChessBase"]
[SourceQuality "1"]
[TimeControl "40/5400+30:1800+30"]

1. e4 c6 2. d4 d5 3. f3 e6 4. Nc3 Bb4 5. Bd2 b6 6. g3 Nf6 7. e5 Ng8 8. Nce2 Bxd2+ 9. Qxd2 Ne7 10. Nh3 Ba6 11. Nf2 c5 12. c3 Nbc6 13. Nf4 Bxf1 14. Kxf1 O-O 15. Kg2 Rc8 16. Rac1 Nf5 17. Ne2 f6 18. Nf4 Qe7 19. exf6 Qxf6 20. Ng4 Qf7 21. Rhe1 Rce8 22. Ne5 Nxe5 23. Rxe5 cxd4 24. cxd4 Nh4+ 25. Kf2 Ng6 26. Nxg6 Qxf3+ 27. Kg1 hxg6 28. Qe2 Re7 29. Rc6 Qxe2 30. Rxe2 Rf6 31. Kg2 Kf7 32. Re5 Rf5 33. h4 Kf6 34. Re1 g5 35. h5 g4 36. Rh1 Rf3 37. h6 gxh6 38. Rxh6+ Kf5 39. Rh5+ Ke4 40. Rg5 Rd3 41. Rxg4+ Ke3 42. Rf4 Rd2+ 43. Kg1 Rxd4 44. Rc3+ Rd3 45. Rc2 e5 46. Rff2 Kd4 0-1

[Event "20th Prague Open 2022"]
[Site "Prague"]
[Date "2022.01.07"]
[Round "1.11"]
[White "Plischki, Sebastian"]
[Black "Elias, Jakub"]
[Result "1/2-1/2"]
[ECO "A64"]
[WhiteElo "2375"]
[BlackElo "2013"]
[Annotator "ChessBase"]
[PlyCount "80"]
[EventDate "2022.01.07"]
[EventType "swiss"]
[EventCountry "CZE"]
[SourceTitle "playchess.com"]
[Source "ChessBase"]
[SourceQuality "1"]
[TimeControl "40/5400+30:1800+30"]

1. d4 Nf6 2. c4 g6 3. g3 Bg7 4. Bg2 O-O 5. Nc3 c5 6. d5 d6 7. Nf3 e6 8. O-O exd5 9. cxd5 Re8 10. Nd2 a6 11. a4 Nbd7 12. Ra2 Ne5 13. h3 Nh5 14. Kh2 f5 15. f4 Nf7 16. e4 Nf6 17. Re1 b6 18. Nc4 fxe4 19. Nxe4 Nxe4 20. Rxe4 Rxe4 21. Bxe4 Bd7 22. g4 b5 23. axb5 axb5 24. Rxa8 Qxa8 25. Nb6 Qd8 26. Nxd7 Qxd7 27. g5 Qe7 28. Bf3 Bd4 29. h4 Kf8 30. Qe2 Qxe2+ 31. Bxe2 c4 32. Bg4 Nd8 33. Bc8 b4 34. Ba6 c3 35. b3 Bf2 36. Kg2 Bxh4 37. Kf3 Kg7 38. Be3 h6 39. gxh6+ Kxh6 40. Ke4 Nf7 1/2-1/2

[Event "20th Prague Open 2022"]
[Site "Prague"]
[Date "2022.01.07"]
[Round "1.12"]
[White "Shatil, Shir"]
[Black "Van Osch, Mees"]
[Result "0-1"]
[ECO "E90"]
[WhiteElo "1977"]
[BlackElo "2364"]
[Annotator "ChessBase"]
[PlyCount "53"]
[EventDate "2022.01.07"]
[EventType "swiss"]
[EventCountry "CZE"]
[SourceTitle "playchess.com"]
[Source "ChessBase"]
[SourceQuality "1"]
[TimeControl "40/5400+30:1800+30"]

1. d4 Nf6 2. c4 g6 3. Nc3 Bg7 4. e4 d6 5. Nf3 O-O 6. h3 e5 7. d5 a5 8. Bg5 Na6 9. Nd2 Qe8 10. Be2 Nd7 11. a3 Nb6 12. b3 f6 13. Be3 f5 14. f3 Bd7 15. Qc2 Nc5 16. O-O Bf6 17. b4 Nca4 18. c5 Nxc3 19. Qxc3 Nc8 20. cxd6 cxd6 21. Qc7 b6 22. Bxb6 Nxb6 23. Qxb6 Bd8 24. Qb7 Rc8 25. Nc4 Rc7 26. Qa8 Rxc4 27. Qa6 0-1

[Event "20th Prague Open 2022"]
[Site "Prague"]
[Date "2022.01.07"]
[Round "1.13"]
[White "Hrabusa, Matej"]
[Black "Sosovickova, Jana"]
[Result "1-0"]
[ECO "D03"]
[WhiteElo "2369"]
[BlackElo "1974"]
[Annotator "NA"]
[PlyCount "101"]
[EventDate "2022.01.07"]
[EventType "swiss"]
[EventCountry "CZE"]
[SourceTitle "playchess.com"]
[Source "ChessBase"]
[SourceQuality "1"]
[TimeControl "40/5400+30:1800+30"]

1. d4 d5 2. Nf3 Nf6 3. Bg5 e6 4. e3 Be7 5. Nbd2 Nbd7 6. Bd3 b6 {[%emt 0:01:56] seems to push 6...c5 aside.} 7. Ne5 Nxe5 8. dxe5 Nd7 9. Bf4 Bb7 {[%emt 0:02:47] [#]} 10. h4 $146 ({Predecessor:} 10. Bg3 O-O 11. h4 Nc5 12. Nf3 h6 13. Bf4 f5 14. Nd4 Nxd3+ 15. cxd3 Qd7 16. Qh5 {0-1 (63) Camacho Collados,M (2446)-Oparin,G (2654) Ciudad Real 2021}) 10... Nc5 11. Bb5+ c6 12. Bf1 Qc7 13. Qg4 g6 14. h5 O-O-O 15. O-O-O g5 16. Bh2 h6 17. Kb1 Kb8 18. Be2 Ka8 19. Rhf1 Rhg8 $11 20. Qh3 Qc8 21. f4 f5 22. g4 Rdf8 23. Rf2 Ne4 24. Nxe4 fxe4 25. f5 Rf7 26. c4 Bc5 27. cxd5 cxd5 28. Rc1 Qd7 29. fxe6 Qxe6 30. Rf5 Rgf8 31. Rcf1 Bc6 32. Qg3 Be8 33. Rxf7 Rxf7 34. Rf6 Rxf6 35. exf6 Qc8 36. Qe5 Bf7 37. Ba6 Qd8 38. a4 Bxe3 39. Bb5 Kb7 40. Qe7+ Qxe7 41. fxe7 Bd4 42. e8=Q Bxe8 43. Bxe8 a6 44. Kc2 Bg7 45. b4 b5 46. axb5 axb5 47. Bxb5 d4 48. Be8 Kb6 49. Bg6 e3 50. Kd3 Kb5 51. Bd6 1-0

[Event "20th Prague Open 2022"]
[Site "Prague"]
[Date "2022.01.07"]
[Round "1.14"]
[White "Duzy, Stefan"]
[Black "Carlsson, Ludvig"]
[Result "0-1"]
[ECO "B23"]
[WhiteElo "1970"]
[BlackElo "2355"]
[Annotator "NA"]
[PlyCount "84"]
[EventDate "2022.01.07"]
[EventType "swiss"]
[EventCountry "CZE"]
[SourceTitle "playchess.com"]
[Source "ChessBase"]
[SourceQuality "1"]
[TimeControl "40/5400+30:1800+30"]

1. e4 c5 2. Ne2 Nc6 3. Nbc3 g6 4. d3 Bg7 5. Be3 Nd4 $11 6. Qd2 d6 7. Nd1 d5 8. c3 Nxe2 9. Qxe2 b6 10. c4 d4 11. Bd2 h5 12. g3 e5 13. h4 Nh6 14. Bh3 Bxh3 15. Rxh3 Qd7 16. Rh1 O-O 17. f3 f5 18. Nf2 Rf7 19. O-O-O Raf8 20. Rdf1 b5 21. cxb5 Qxb5 22. Kb1 f4 23. gxf4 exf4 24. Rfg1 Rf6 25. Nh3 Kh7 26. Ng5+ Kh8 27. Nh3 Qa4 28. Qd1 Qa6 29. Qc2 Ng8 30. Rg5 Rc6 31. Nxf4 Bh6 32. Nh3 Bxg5 33. Nxg5 c4 34. dxc4 Rxc4 35. Qb3 Ne7 36. f4 Nc6 37. f5 Rb8 38. Qf3 Ra4 39. fxg6 Rxb2+ 40. Kxb2 Rxa2+ 41. Kb1 Ra1+ 42. Kc2 Qa4+ 0-1

[Event "20th Prague Open 2022"]
[Site "Prague"]
[Date "2022.01.07"]
[Round "1.15"]
[White "Sorm, Daniel"]
[Black "Bochnickova, Simona"]
[Result "1-0"]
[ECO "A82"]
[WhiteElo "2348"]
[BlackElo "1963"]
[Annotator "ChessBase"]
[PlyCount "53"]
[EventDate "2022.01.07"]
[EventType "swiss"]
[EventCountry "CZE"]
[SourceTitle "playchess.com"]
[Source "ChessBase"]
[SourceQuality "1"]
[TimeControl "40/5400+30:1800+30"]

1. d4 f5 2. e4 fxe4 3. Nc3 g6 4. h4 Bg7 5. h5 d5 6. f3 c5 7. dxc5 Qa5 8. Bd2 Qxc5 9. fxe4 dxe4 10. Nxe4 Qe5 11. Bd3 Qxb2 12. Rb1 Qxa2 13. Ng5 Bg4 14. N1f3 Nc6 15. hxg6 Nf6 16. gxh7 O-O-O 17. O-O Ne5 18. Be2 Bxf3 19. Bxf3 Nxf3+ 20. Qxf3 Qd5 21. Qc3+ Kb8 22. Bf4+ Ka8 23. Ra1 a6 24. Ra5 Qd4+ 25. Qxd4 Rxd4 26. Ne6 Nh5 27. Rxh5 1-0

[Event "20th Prague Open 2022"]
[Site "Prague"]
[Date "2022.01.07"]
[Round "1.16"]
[White "Blumel, Otto"]
[Black "Mikes, Jan"]
[Result "0-1"]
[ECO "B13"]
[WhiteElo "1945"]
[BlackElo "2329"]
[Annotator "ChessBase"]
[PlyCount "38"]
[EventDate "2022.01.07"]
[EventType "swiss"]
[EventCountry "CZE"]
[SourceTitle "playchess.com"]
[Source "ChessBase"]
[SourceQuality "1"]
[TimeControl "40/5400+30:1800+30"]

1. e4 c6 2. d4 d5 3. exd5 cxd5 4. c3 Nc6 5. Nf3 Qc7 6. Bd3 Bg4 7. O-O e6 8. Nbd2 Bd6 9. h3 Bh5 10. Re1 Nge7 11. Be2 Bg6 12. Nf1 a6 13. Ne3 O-O 14. Nh4 Be4 15. Bd3 f5 16. Nf3 h6 17. Bf1 Ng6 18. Nd2 Nf4 19. Nb3 Nxh3+ 0-1

[Event "20th Prague Open 2022"]
[Site "Prague"]
[Date "2022.01.07"]
[Round "1.19"]
[White "Acor, Corey"]
[Black "Vavruska, Antonin"]
[Result "1-0"]
[ECO "C00"]
[WhiteElo "2303"]
[BlackElo "1932"]
[Annotator "ChessBase"]
[PlyCount "63"]
[EventDate "2022.01.07"]
[EventType "swiss"]
[EventCountry "CZE"]
[SourceTitle "playchess.com"]
[Source "ChessBase"]
[SourceQuality "1"]
[TimeControl "40/5400+30:1800+30"]

1. e4 e6 2. d3 d5 3. Nd2 Nf6 4. g3 dxe4 5. dxe4 e5 6. Ngf3 Bc5 7. Bg2 Nc6 8. O-O O-O 9. Qe2 Qe7 10. c3 a5 11. Nc4 b6 12. Ne3 Ba6 13. c4 Bxe3 14. Bxe3 Rad8 15. Rfd1 Rxd1+ 16. Rxd1 Rd8 17. b3 Bc8 18. Rxd8+ Qxd8 19. c5 Ng4 20. Bg5 Nf6 21. cxb6 cxb6 22. h3 h6 23. Be3 Nd7 24. Qb5 Nb4 25. Nxe5 Nxe5 26. Qxe5 Nxa2 27. Qb8 Kh7 28. Kh2 Qd7 29. Qxb6 a4 30. e5 Nc3 31. Qb4 Nd5 32. Qe4+ 1-0

[Event "20th Prague Open 2022"]
[Site "Prague"]
[Date "2022.01.07"]
[Round "1.20"]
[White "Zelezny, Jan"]
[Black "Mannion, Stephen R"]
[Result "0-1"]
[ECO "C50"]
[WhiteElo "1920"]
[BlackElo "2267"]
[Annotator "NA"]
[PlyCount "82"]
[EventDate "2022.01.07"]
[EventType "swiss"]
[EventCountry "CZE"]
[SourceTitle "playchess.com"]
[Source "ChessBase"]
[SourceQuality "1"]
[TimeControl "40/5400+30:1800+30"]

1. e4 e5 2. Nf3 Nc6 3. Bc4 Bc5 4. O-O Nf6 5. d4 Bxd4 6. Nxd4 Nxd4 7. Bg5 h6 8. Bh4 g5 9. f4 d5 10. fxg5 Bg4 11. Qe1 dxc4 12. g6 Ne2+ 13. Kh1 Nf4 14. Rxf4 exf4 15. e5 O-O 16. Bxf6 Qd1 17. Qxd1 Bxd1 18. Nc3 Bxc2 19. g7 Rfd8 20. Rf1 Bg6 21. Rxf4 b5 22. Rh4 h5 23. h3 b4 24. Nb5 Rd5 25. Nxc7 Rd1+ 26. Kh2 c3 27. Nxa8 cxb2 28. Rc4 Bf5 29. Rxb4 b1=Q 30. Rxb1 Rxb1 31. Nc7 Be6 32. a3 Rb3 33. Ne8 Bd7 34. Nd6 Rxa3 35. Ne4 Re3 36. Ng5 a5 37. g4 hxg4 38. h4 g3+ 39. Kg1 Bc6 40. Kf1 g2+ 41. Kf2 Re2+ 0-1

[Event "20th Prague Open 2022"]
[Site "Prague"]
[Date "2022.01.07"]
[Round "1.21"]
[White "Ondrus, Martin"]
[Black "Zelbova, Lada"]
[Result "1/2-1/2"]
[ECO "B90"]
[WhiteElo "2267"]
[BlackElo "1886"]
[Annotator "ChessBase"]
[PlyCount "163"]
[EventDate "2022.01.07"]
[EventType "swiss"]
[EventCountry "CZE"]
[SourceTitle "playchess.com"]
[Source "ChessBase"]
[SourceQuality "1"]
[TimeControl "40/5400+30:1800+30"]

1. e4 c5 2. Nf3 d6 3. d4 cxd4 4. Nxd4 Nf6 5. Nc3 a6 6. Be3 e5 7. Nb3 Be6 8. f3 Be7 9. Qd2 O-O 10. O-O-O a5 11. Bb5 Bd7 12. a4 Nc6 13. g4 Nb4 14. g5 Nh5 15. Kb1 Be6 16. h4 Qc7 17. Qf2 Nf4 18. Bxf4 exf4 19. Nd4 Rfd8 20. Rhe1 Bf8 21. h5 g6 22. h6 Qc5 23. Qh4 Be7 24. Rg1 Nc6 25. Nxe6 fxe6 26. Qxf4 Rf8 27. Qg4 Rf7 28. Qxe6 Bxg5 29. Bc4 Nd8 30. Qd5 Qxd5 31. Bxd5 Bxh6 32. Nb5 Be3 33. Rg4 Bc5 34. f4 Kg7 35. Bxf7 Nxf7 36. Nc7 Rc8 37. Ne6+ Kf6 38. Nxc5 Rxc5 39. b3 b6 40. Kb2 Rh5 41. Kc3 Ke6 42. Rgg1 Rc5+ 43. Kd3 g5 44. Rdf1 gxf4 45. Rxf4 Ne5+ 46. Kd2 Ng6 47. Rfg4 Ne5 48. R4g3 h5 49. c4 Ng4 50. Kd3 Rg5 51. Kd4 Ke7 52. Rh3 Re5 53. Rf1 Nf6 54. Rh4 Ke6 55. Rhf4 Nd7 56. Rf7 h4 57. Rh7 Nc5 58. Rh6+ Ke7 59. Rxh4 Nxb3+ 60. Ke3 Nc5 61. Ra1 Ke6 62. Ra2 Ke7 63. Kf3 Kd7 64. Rf4 Ke6 65. Ra3 Rh5 66. Kg4 Re5 67. Re3 Nxa4 68. Rf5 Nc5 69. Kf4 a4 70. Rxe5+ dxe5+ 71. Kf3 Nb3 72. Rd3 Nd4+ 73. Kg4 b5 74. cxb5 Nxb5 75. Rh3 Kd6 76. Kf5 a3 77. Rh6+ Kc5 78. Kxe5 Kb4 79. Ra6 Kb3 80. Ra5 Kb4 81. Ra8 Kb3 82. Rxa3+ 1/2-1/2

[Event "20th Prague Open 2022"]
[Site "Prague"]
[Date "2022.01.07"]
[Round "1.22"]
[White "Zelba, Lukas"]
[Black "Unneland, Mathias"]
[Result "0-1"]
[ECO "D02"]
[WhiteElo "1919"]
[BlackElo "2262"]
[Annotator "NA"]
[PlyCount "90"]
[EventDate "2022.01.07"]
[EventType "swiss"]
[EventCountry "CZE"]
[SourceTitle "playchess.com"]
[Source "ChessBase"]
[SourceQuality "1"]
[TimeControl "40/5400+30:1800+30"]

1. d4 Nf6 2. Nf3 d5 3. Bf4 c5 4. c3 Qb6 5. Qb3 c4 6. Qc2 g6 7. Nbd2 Bf5 8. Qc1 Nc6 9. Be5 Nxe5 10. Nxe5 Bg7 11. g3 Ne4 12. Nef3 Bh6 13. Bg2 O-O 14. O-O Qe6 15. Re1 Bh3 16. Qc2 Bf5 17. Qd1 Rfd8 18. e3 Nf6 19. Ne5 Qb6 20. b3 cxb3 21. axb3 Nd7 22. Nxd7 Rxd7 23. g4 Be6 24. f4 Rc8 25. Rc1 Rdc7 26. Nb1 Qd6 27. Qf3 Qd7 28. h3 a5 29. Rcd1 f6 30. Bf1 Qd6 31. c4 dxc4 32. d5 Bd7 33. bxc4 b5 34. cxb5 Rb8 35. h4 Bxb5 36. g5 Bg7 37. Bh3 f5 38. e4 fxe4 39. Qxe4 Kh8 40. Rd2 Rc4 41. Qxe7 Qxf4 42. Rf1 Bd4+ 43. Kh1 Bc5 44. Qf6+ Qxf6 45. Rxf6 Rc1+ 0-1

[Event "20th Prague Open 2022"]
[Site "Prague"]
[Date "2022.01.07"]
[Round "1.24"]
[White "Sinervuo, Veli-Pekka"]
[Black "Dev, Shah"]
[Result "0-1"]
[ECO "C50"]
[WhiteElo "1892"]
[BlackElo "2243"]
[Annotator "ChessBase"]
[PlyCount "38"]
[EventDate "2022.01.07"]
[EventType "swiss"]
[EventCountry "CZE"]
[SourceTitle "playchess.com"]
[Source "ChessBase"]
[SourceQuality "1"]
[TimeControl "40/5400+30:1800+30"]

1. e4 e5 2. Nf3 Nc6 3. Bc4 Bc5 4. O-O Nf6 5. d3 h6 6. c3 d6 7. Nbd2 O-O 8. b4 Bb6 9. Bb3 a6 10. Nc4 Ba7 11. Ne3 Ne7 12. Bc2 Bxe3 13. Bxe3 Bg4 14. h3 Bh5 15. g3 Qd7 16. Kg2 Ng6 17. Rh1 d5 18. Qd2 Rad8 19. Rad1 Qc6 0-1